 Dungeon Crawl Stone Soup version 0.31-a0-165-g3f4f80340b (webtiles) character file.

Game seed: 807752171318600165

70 qw the Shooter (level 4, 0/39 HPs)
             Began as a Naga Hunter on June 13, 2023.
             Slain by Edmund
             ... wielding a +1 flail of protection
              (5 damage)
             ... on level 4 of the Dungeon.
             The game lasted 00:00:42 (1914 turns).

qw the Shooter (Naga Hunter)                        Turns: 1914, Time: 00:00:43

Health: 0/39       AC:  3    Str: 13    XL:     4   Next: 21%
Magic:  4/4        EV:  9    Int: 10    God:
Gold:   238        SH:  0    Dex: 16    Spells: 3/3 levels left

rFire   . . .        Y - +0 shortbow
rCold   . . .        (shield currently unavailable)
rNeg    . . .        c - +0 leather armour
rPois   +            a - +0 helmet
rElec   .            (no cloak)
rCorr   .            (no gloves)
SInv    +            (no barding)
Will    .....        l - amulet of regeneration
Stlth   ++           (no ring)
HPRegen 1.06/turn    (no ring)
MPRegen 0.09/turn

%: no passive effects
@: short of breath, very slow
A: AC +1, large, see invisible, deformed body, poison resistance, slowness 2,
spit poison 1, naga tail 1
a: Spit Poison


You were on level 4 of the Dungeon.
You visited 1 branch of the dungeon, and saw 4 of its levels.

You collected 238 gold pieces.


Innate Abilities, Weirdness & Mutations

Your serpentine skin is tough. (AC +1)
You have supernaturally acute eyesight. (SInv)
Armour fits poorly on your strangely shaped body.
Your system is resistant to poisons. (rPois)
You cover ground very slowly.
You can spit poison.
You have a snake-like lower body.


   Skills:
 + Level 2.2 Fighting
 - Level 5.0 Ranged Weapons
 - Level 1.5 Dodging
 - Level 1.5 Stealth


You had 3 spell levels left.
You didn't know any spells.
Your spell library was empty.

Inventory:

Hand Weapons
 Y - a +0 shortbow (weapon)
Armour
 a - a +0 helmet (worn)
 c - a +0 leather armour (worn)
Jewellery
 l - an amulet of regeneration (around neck)
Scrolls
 j - a scroll of amnesia {unknown}
Potions
 b - a potion of haste {unknown}
 d - a potion of ambrosia {unknown}
 e - 2 potions of enlightenment {unknown}
 f - a potion of heal wounds {unknown}
 g - a potion of cancellation
 h - a potion of curing {unknown}
 i - a potion of might {unknown}

Dungeon Overview and Level Annotations

Branches:
Dungeon (4/15)
 Temple: D:4-7

Altars:
Ashenzari
Fedhas
Trog
Zin

Shops:
D:3 =

Annotations:
D:3 2 runed translucent doors, Crazy Yiuf; qw's ghost, amateur NaHu
D:4 Edmund


Message History

Aiming: Spit Poison (1% risk of failure)
Press: ? - help, Shift-Dir - straight line, f/p - Edmund The splash of poison hits Edmund.
Edmund is lightly wounded.
Edmund hits you with a +1 flail of protection!
You shoot an arrow. The arrow hits Edmund.
Edmund is moderately wounded.
Edmund barely misses you.
You shoot an arrow. The arrow barely misses Edmund.
Edmund completely misses you.
You shoot an arrow.
The arrow hits Edmund but does no damage.
Edmund is moderately wounded.
You have got your breath back.
Edmund hits you with a +1 flail of protection.
1909 ||| INVOKING Spit Poison.
Aiming: Spit Poison (1% risk of failure)
Press: ? - help, Shift-Dir - straight line, f/p - Edmund The splash of poison hits Edmund.
Edmund is moderately wounded.
Edmund barely misses you.
You shoot an arrow.
The arrow hits Edmund but does no damage.
Edmund is moderately wounded.
Edmund hits you with a +1 flail of protection.
You shoot an arrow. The arrow closely misses Edmund.
Edmund hits you with a +1 flail of protection! x2
You shoot an arrow.
The arrow hits Edmund but does no damage.
Edmund is moderately wounded.
Edmund barely misses you.
You shoot an arrow.
The arrow hits Edmund but does no damage.
Edmund is moderately wounded.
Edmund completely misses you.
You shoot an arrow.
The arrow hits Edmund but does no damage.
Edmund is moderately wounded.
Edmund hits you with a +1 flail of protection.
You die...

####+#.# .).....# .# ###
.......# #.##...
.......# ......#
.......# .......
.......##########.......
.............. ........$
.......#########.......#
................@@.....+
.......................#
......############+#####
...%... ....... .......
...... ....


You could see Edmund.

Vanquished Creatures
  2 adders
  6 endoplasms
  A giant cockroach (D:2)
  5 goblins
  4 hobgoblins
  8 jackals
  2 quokkas
  2 ball pythons
  4 bats
  A frilled lizard (D:1)
  4 kobolds (D:1)
  9 rats
48 creatures vanquished.

Notes
Turn   | Place    | Note
-------+----------+-------------------------------------------
     0 | D:1      | qw the Naga Hunter began the quest for the Orb.
     0 | D:1      | Reached XP level 1. HP: 19/19 MP: 1/1
     0 | D:1      | 0 ||| qw: Version: 0.2-a-29-gc1b59c4
     0 | D:1      | 0 ||| qw: Game counter: 4664
     0 | D:1      | 0 ||| qw: Always use a shield: true
     0 | D:1      | 0 ||| qw: God list: Okawaru
     0 | D:1      | 0 ||| qw: Allow faded altars: false
     0 | D:1      | 0 ||| qw: Do Orc after D:15 true
     0 | D:1      | 0 ||| qw: Do second Lair branch before Depths: true
     0 | D:1      | 0 ||| qw: Lair rune preference: random
     0 | D:1      | 0 ||| qw: Plans: Normal
     0 | D:1      | 0 ||| PLANNING D:1-11
    32 | D:1      | 32 ||| INVOKING Spit Poison.
    36 | D:1      | 36 ||| INVOKING Spit Poison.
    61 | D:1      | 61 ||| INVOKING Spit Poison.
    66 | D:1      | Reached skill level 4 in Ranged Weapons
    66 | D:1      | Reached XP level 2. HP: 23/26 MP: 2/2
    66 | D:1      | 66 ||| INVOKING Spit Poison.
    85 | D:1      | 85 ||| INVOKING Spit Poison.
   119 | D:1      | 119 ||| INVOKING Spit Poison.
   124 | D:1      | 124 ||| INVOKING Spit Poison.
   240 | D:1      | 240 ||| INVOKING Spit Poison.
   260 | D:1      | 260 ||| INVOKING Spit Poison.
   489 | D:1      | 489 ||| INVOKING Spit Poison.
   630 | D:1      | 630 ||| READING 2 scrolls labelled MUHUYXZAHYAL.
   631 | D:1      | 631 ||| READING scroll labelled ROS ETYBIO.
   632 | D:1      | 632 ||| DRINKING 2 sedimented red potions.
   633 | D:1      | 633 ||| DROPPING scroll of poison.
   634 | D:1      | 634 ||| DROPPING scroll of butterflies.
   678 | D:2      | 678 ||| INVOKING Spit Poison.
   681 | D:2      | 681 ||| INVOKING Spit Poison.
   684 | D:2      | 684 ||| STAIRDANCE
   686 | D:1      | 686 ||| INVOKING Spit Poison.
   711 | D:2      | 711 ||| INVOKING Spit Poison.
   725 | D:2      | 725 ||| INVOKING Spit Poison.
   726 | D:2      | Reached XP level 3. HP: 32/32 MP: 3/3
   734 | D:2      | 734 ||| INVOKING Spit Poison.
   759 | D:2      | 759 ||| INVOKING Spit Poison.
   888 | D:2      | 888 ||| INVOKING Spit Poison.
   889 | D:2      | 889 ||| INVOKING Spit Poison.
   893 | D:2      | 893 ||| INVOKING Spit Poison.
   925 | D:2      | 925 ||| INVOKING Spit Poison.
   934 | D:2      | 934 ||| INVOKING Spit Poison.
  1083 | D:2      | 1083 ||| READING 2 scrolls labelled HOAR NUFAEDONN.
  1084 | D:2      | 1084 ||| DROPPING scroll of fear.
  1132 | D:3      | 1132 ||| INVOKING Spit Poison.
  1144 | D:3      | Found a runed translucent door.
  1144 | D:3      | Noticed a bullfrog
  1160 | D:3      | 1160 ||| INVOKING Spit Poison.
  1161 | D:3      | Reached skill level 5 in Ranged Weapons
  1161 | D:3      | Reached XP level 4. HP: 39/39 MP: 4/4
  1264 | D:3      | Found Ynesaol's Jewellery Shoppe.
  1275 | D:3      | 1275 ||| SHOPLISTING +6 ring of dexterity (432 gold, have
                  | 180).
  1275 | D:3      | 1275 ||| SHOPLISTING +6 ring of strength (432 gold, have
                  | 180).
  1275 | D:3      | 1275 ||| SHOPLISTING ring of ice (300 gold, have 180).
  1275 | D:3      | 1275 ||| SHOPLISTING ring of resist corrosion (240 gold,
                  | have 180).
  1321 | D:3      | 1321 ||| INVOKING Spit Poison.
  1332 | D:3      | Found a blossoming altar of Fedhas.
  1332 | D:3      | Found a bloodstained altar of Trog.
  1425 | D:3      | Found a glowing silver altar of Zin.
  1433 | D:3      | Found a broken altar of Ashenzari.
  1447 | D:3      | 1447 ||| INVOKING Spit Poison.
  1453 | D:3      | 1453 ||| INVOKING Spit Poison.
  1578 | D:3      | Found a runed translucent door.
  1579 | D:3      | Noticed Crazy Yiuf
  1628 | D:3      | Noticed qw's ghost (amateur NaHu)
  1712 | D:3      | 1712 ||| INVOKING Spit Poison.
  1834 | D:3      | 1834 ||| UPGRADING to +0 helmet.
  1839 | D:3      | 1839 ||| DROPPING amulet of magic regeneration.
  1840 | D:3      | 1840 ||| UPGRADING to amulet of regeneration.
  1845 | D:3      | 1845 ||| READING scroll labelled GUNOODWY RYEM.
  1897 | D:4      | Noticed Edmund
  1902 | D:4      | 1902 ||| INVOKING Spit Poison.
  1905 | D:4      | 1905 ||| INVOKING Spit Poison.
  1909 | D:4      | 1909 ||| INVOKING Spit Poison.
  1911 | D:4      | HP: 1/39 [Edmund/+1 flail of protection (9)]
  1914 | D:4      | Slain by Edmund

Levels and vault maps discovered:
D:1:      ebering_trefoil_twist, layout_basic, minmay_misc_feat_doors
D:2:      wander_river, layout_rooms
D:3:      layout_rooms, mainiacjoe_overflow_small_starburst,
          mainiacjoe_overflow_divided_tiny, cheibrodos_ashenzari_chains,
          ebering_ghost_sewer_d, serial_shops, nicolae_shop_just_a_little_nook,
          serial_curves, eino_curves_01, eino_curves_03, serial_bayou_ford_a,
          chequers_serial_rivers_micro_a, minivault_4, uniq_crazy_yiuf_cottage
D:4:      layout_basic, mainiacjoe_overflow_surrounded_room, temple_doors_e,
          serial_bayou_lake_a, uniq_edmund

Skill      XL: |  1  2  3 |
---------------+----------+-----
Ranged Weapons | 4 5 |  5.0
Fighting       | |  2.2
Dodging        | |  1.5
Stealth        | |  1.5

Action                     |  1- 3 |  4- 6 || total
---------------------------+-------+-------++-------
   Fire: Shortbow          |    64 |    25 ||    89
Ability: Spit Poison       |    23 |     7 ||    30
    Use: Scroll            |     3 |     1 ||     4
         Potion            |     1 |       ||     1
 Armour: Leather armour    |     3 |       ||     3
  Dodge: Dodged            |     2 |     6 ||     8

Table legend:
 A = Non-vault XP
 B = Vault XP
 C = Vault XP percentage of total XP
 D = Non-vault monster count
 E = Vault monster count
 F = Vault count percentage of total count
                 A         B        C        D         E       F
            +---------+---------+-------+---------+---------+-------
      Total |     100 |       0 |   0.0 |      48 |       0 |   0.0
            +---------+---------+-------+---------+---------+-------
        D:1 |      28 |       0 |   0.0 |      18 |       0 |   0.0
        D:2 |      42 |       0 |   0.0 |      20 |       0 |   0.0
        D:3 |      26 |       0 |   0.0 |       8 |       0 |   0.0
        D:4 |       4 |       0 |   0.0 |       2 |       0 |   0.0
            +---------+---------+-------+---------+---------+-------
